 Dungeon Crawl Stone Soup version 0.31-a0-102-g33a4ccc0cb (webtiles) character file.

Game seed: 452139830938318668

10171 mopl the Tainter (level 11, -5/105 HPs)
             Began as an Octopode Hedge Wizard on May 26, 2023.
             Was an Elder of Vehumet.
             Slain by Snorg (11 damage)
             ... on level 10 of the Dungeon.
             The game lasted 00:29:18 (9281 turns).

mopl the Tainter (Octopode Hedge Wizard)            Turns: 9281, Time: 00:29:20

Health: -5/105     AC: 29    Str: 12    XL:     11   Next: 57%
Magic:  4/32       EV:  2    Int: 21    God:    Vehumet [****..]
Gold:   496        SH:  0    Dex: 12    Spells: 3/26 levels left

rFire   + . .        W - +0 glaive of Qaahuxtec {flame, *Noise rC++ Will+ Str+3}
rCold   + + +        (shield currently unavailable)
rNeg    + . .        b - melded +0 hat
rPois   +            C - amulet of regeneration
rElec   .            e - ring of protection from cold
rCorr   .            h - ring of willpower
SInv    .            i - ring of magical power
Will    ++...        o - ring of flight
Stlth   ++           w - +4 ring of protection
HPRegen 1.17/turn    E - ring of wizardry
MPRegen 0.23/turn    L - ring of protection from fire
                     U - ring of positive energy

%: wizardry (x1)
@: tree-form
A: stationary, stasis, torment immunity, boosted hp, almost no armour,
(amphibious), 8 rings, (camouflage 1), (gelatinous body 1), (nimble swimmer 1),
(tentacles)
a: Renounce Religion


You were on level 10 of the Dungeon.
You worshipped Vehumet.
Vehumet was greatly pleased with you.
You were a tree.
You visited 1 branch of the dungeon, and saw 11 of its levels.
You also visited: Ossuary.

You collected 661 gold pieces.
You spent 165 gold pieces at shops.

Inventory:

Hand Weapons
 a - the +7 dagger "Muiplun" {heavy, rN+ Stlth+}
   (You found it on level 7 of the Dungeon)

   rN:        It protects you from negative energy.
   Stlth:     It makes you more stealthy.
 W - the +0 glaive of Qaahuxtec (weapon) {flame, *Noise rC++ Will+ Str+3}
   (You found it on level 10 of the Dungeon)

   Str:       It affects your strength (+3).
   rC:        It greatly protects you from cold.
   *Noise:    It may make noises in combat.
   Will:      It increases your willpower.
Missiles
 x - 37 poisoned darts
 A - a curare-tipped dart
 G - 3 boomerangs of dispersal
 J - 4 silver javelins
 P - 2 throwing nets
Armour
 b - a +0 hat (melded)
Magical Staves
 I - a staff of cold
Jewellery
 e - a ring of protection from cold (left branch)
 h - a ring of willpower (right branch)
 i - a ring of magical power (on tentacle)
 o - a ring of flight (on tentacle)
 t - a ring of ice
 w - a +4 ring of protection (on tentacle)
 C - an amulet of regeneration (around neck)
 E - a ring of wizardry (on tentacle)
 L - a ring of protection from fire (on tentacle)
 U - a ring of positive energy (on tentacle)
 V - an amulet of faith {!P}
 X - a ring of protection from fire
Wands
 F - a wand of charming (24)
 M - a wand of digging (9)
 N - a wand of polymorph (7)
 O - a wand of flame (28)
Scrolls
 d - 4 scrolls of noise {unknown}
 g - 6 scrolls of fog {unknown}
 j - a scroll of fear {unknown}
 m - 2 scrolls of enchant armour {unknown}
 p - a scroll of brand weapon {unknown}
 q - 2 scrolls of poison {unknown}
 u - 8 scrolls of teleportation
 y - 3 scrolls of magic mapping {unknown}
 z - 3 scrolls of amnesia {unknown}
 B - 3 scrolls of vulnerability {unknown}
 D - a scroll of enchant weapon {unknown}
 K - a scroll of butterflies {unknown}
 Q - a scroll of blinking
 R - a scroll of immolation
Potions
 c - 3 potions of magic
 f - 6 potions of curing
 k - 5 potions of lignification {!q}
 l - 3 potions of heal wounds
 n - a potion of enlightenment
 r - 2 potions of ambrosia
 s - 3 potions of resistance
 v - 2 potions of haste
 H - 2 potions of brilliance
 S - 3 potions of mutation {!q}
 T - a potion of invisibility


   Skills:
 + Level 4.9 Fighting
 + Level 5.4 Dodging
 - Level 2.6 Stealth
 + Level 8.1 Spellcasting
 + Level 8.2 Conjurations
 - Level 1.0 Summonings
 + Level 4.7 Translocations
 + Level 2.9 Fire Magic
 + Level 2.9 Air Magic
 + Level 11.5 Poison Magic


You had 3 spell levels left.
You knew the following spells:

 Your Spells              Type           Power      Damage    Failure   Level
a - Magic Dart            Conj           100%       1d8       1%          1
b - Searing Ray           Conj           86%        2d7       1%          2
c - Volatile Blastmotes   Fire/Tloc      40%        2d13      1%          3
d - Arcjolt               Conj/Air       13%        1d23      4%          5
e - Blink                 Tloc           56%        N/A       1%          2
f - Plasma Beam           Fire/Air       8%         2x1d20    45%         6
o - Olgreb's Toxic Radia  Pois           54%        N/A       1%          4

Your spell library contained the following spells:

 Spells                   Type           Power      Damage    Failure   Level
 Hailstorm                Conj/Ice       21%        3d6       1%          3
 Shock                    Conj/Air       100%       1d9       1%          1
 Sting                    Tmut/Pois      100%       1d8       1%          1
 Cigotuvi's Dreadful Rot  Necr/Pois/Air  46%        N/A       1%          2
 Poisonous Vapours        Pois/Air       68%        N/A       1%          2
 Mephitic Cloud           Conj/Pois/Air  34%        N/A       1%          3
 Swiftness                Air            20%        N/A       2%          3
 Slow                     Hex            32%        N/A       3%          1
 Call Imp                 Summ           24%        N/A       3%          2
 Vhi's Electric Charge    Tloc/Air       40%        N/A       3%          3
 Portal Projectile        Hex/Tloc       28%        N/A       6%          3
 Ozocubu's Armour         Ice            8%         N/A       10%         3
 Tukima's Dance           Hex            8%         N/A       10%         3
 Fulminant Prism          Conj/Hex       10%        3d8       2%          4
 Airstrike                Air            10%        2d(2-18)  3%          4
 Manifold Assault         Tloc           28%        N/A       4%          4
 Blade Hands              Tmut           4%         N/A       61%         5
 Ozocubu's Refrigeration  Ice            4%         4d8       99%         7
 Storm Form               Tmut/Air       5%         N/A       100%        7


Dungeon Overview and Level Annotations

Branches:
Dungeon (11/15)            Temple (0/1) D:7            Lair (0/5) D:8
Ossuary (visited)
    Orc: D:9-12

Altars:
Ashenzari
Elyvilon
Fedhas
Hepliaklqana
Okawaru
Ru
Sif Muna
Vehumet
Wu Jian
Xom
Zin

Shops:
D:2 =**[

Annotations:
D:2 Sigmund
D:3 3 runed translucent doors, pk666's ghost, amateur DEHW
D:10 Snorg


Innate Abilities, Weirdness & Mutations

You are a tree.
Your roots penetrate the ground, keeping you stationary.
You cannot be teleported.
You are immune to unholy pain and torment.
Your maximum health is greatly increased.
You cannot wear most types of armour.
((You are amphibious.))
You can wear up to eight rings at the same time.
((Your skin changes colour to match your surroundings (Stealth+).))
((Your rubbery body absorbs attacks. (AC +1, EV +1)))
((You are camouflaged when in or above water. (Stealth+)))
((You have tentacles for arms and can constrict up to eight enemies at once.))


Message History

Unknown command.
You feel much better. Snorg bites you!!
* * * LOW HITPOINT WARNING * * *
Snorg closely misses you. Snorg barely misses you.
Really quaff
k - 6 potions of lignification {!q}?
Really quaff the potion of lignification?
You turn into a tree.
Your +0 hat melds into your body.
Your roots penetrate the ground.
Your toxic aura wanes.
Snorg bites you!
* * * LOW HITPOINT WARNING * * *
Snorg claws you but does no damage. x2
Unknown command.
Unknown command.
Unknown command.
Okay, then.
Unknown command.
You feel much better. Snorg bites you. Snorg claws you but does no damage. x2
Snorg bites you but does no damage. Snorg claws you!
* * * LOW HITPOINT WARNING * * *
Snorg claws you but does no damage.
You slash Snorg! You burn Snorg.
Snorg is severely wounded.
Snorg is no longer berserk.
Snorg bites you!
* * * LOW HITPOINT WARNING * * *
Snorg claws you but does no damage. x2; Snorg bites you but does no damage.
Snorg claws you but does no damage. x2
You slash Snorg! You burn Snorg.
Snorg is severely wounded.
Snorg bites you but does no damage. Snorg claws you!
* * * LOW HITPOINT WARNING * * *
Snorg claws you but does no damage.
You slash Snorg! You burn Snorg.
Snorg is almost dead.
Snorg bites you but does no damage. Snorg claws you.
* * * LOW HITPOINT WARNING * * *
Snorg claws you.
* * * LOW HITPOINT WARNING * * *
Snorg bites you!
You die...

***'**** **,,,,,,,,
*,,,,,,* *,,,*****,
*,,,,,,* *,,,,,,,,,
*,,,,,,###,*,*****,
*,,,,,.'.*,*,,,,,,,
*,,,,..#,,,,,*,,,*,
****#'#*****,***,*,
###..# *,,,,,,,
#♣..#* ******,*
####T### *,,,,*
#......# **'****
#......# ***,,,,,*
#......# **,',,,,,*
#......# **,,*,,,,,'
#......#***,,**,,,,,*
#......##..,***[,,,,*
#......[..#** *,,,,,*


You could see Snorg (very poisoned, slow).

Vanquished Creatures
  A two-headed ogre (D:7)
  A wizard (D:10)
  2 gargoyles (D:10)
  An unseen horror (D:11)
  2 trolls (D:11)
  A wraith (D:9)
  A vampire (D:10)
  10 yaks
  Eustachio (D:4)
  A wyvern (D:7)
  3 wargs
  2 steam dragons
  An acid dragon (D:9)
  2 water moccasins
  4 orc warriors
  3 ice beasts
  5 ogres
  10 centaurs
  A gnoll sergeant (D:8)
  2 kobold brigands
  2 bullfrogs (D:8)
  A water moccasin zombie (Ossuary)
  2 scorpions
  5 wights (D:10)
  19 killer bees
  A howler monkey (D:6)
  4 crimson imps (D:7)
  3 bullfrog zombies (Ossuary)
  4 hounds
  8 orc priests
  2 gnoll boudas
  A jelly (D:5)
  A sleepcap (D:5)
  3 iguanas
  A scorpion zombie (Ossuary)
  Natasha (thrice) (D:2)
  8 orc wizards
  2 mummies
  12 gnolls
  7 adders
  2 shadow imps
  An adder zombie (Ossuary)
  2 worms
  7 dart slugs
  30 orcs
  6 ball pythons
  5 bats
  7 endoplasms
  5 giant cockroaches
  6 goblins
  11 hobgoblins
  7 quokkas
  4 goblin zombies (Ossuary)
  5 hobgoblin zombies (Ossuary)
  17 kobolds
  4 orc zombies (Ossuary)
  6 rats
268 creatures vanquished.

Vanquished Creatures (others)
  An orc wizard (D:5)
1 creature vanquished.

Grand Total: 269 creatures vanquished

Notes
Turn   | Place    | Note
-------+----------+-------------------------------------------
     0 | D:1      | mopl the Octopode Hedge Wizard began the quest for the Orb.
     0 | D:1      | Reached XP level 1. HP: 11/11 MP: 4/4
   161 | D:1      | Reached XP level 2. HP: 16/17 MP: 6/6
   164 | D:1      | Learned a level 2 spell: Blink
   557 | D:2      | Reached XP level 3. HP: 21/21 MP: 7/7
   619 | D:2      | Found Ohisch's Assorted Antiques.
   628 | D:2      | Bought a fizzy coppery potion for 24 gold pieces
   628 | D:2      | Bought a scroll labelled JERIALIHAB for 27 gold pieces
   683 | D:2      | Noticed Sigmund
   803 | D:2      | Reached skill level 2 in Conjurations
   803 | D:2      | Reached skill level 2 in Translocations
   929 | D:2      | Found Afuups's Armour Boutique.
   939 | D:2      | Found Ekkisil's Assorted Antiques.
   947 | D:2      | Bought a black potion for 21 gold pieces
   999 | D:2      | Reached XP level 4. HP: 27/27 MP: 9/9
  1004 | D:2      | Learned a level 4 spell: Olgreb's Toxic Radiance
  1175 | D:2      | Found Offecomeq's Jewellery Boutique.
  1177 | D:2      | Noticed a scorpion
  1186 | D:2      | Killed a scorpion
  1187 | D:2      | Reached skill level 1 in Poison Magic
  1187 | D:2      | Reached XP level 5. HP: 18/31 MP: 10/10
  1447 | D:2      | Bought a gluggy clear potion for 21 gold pieces
  1508 | D:3      | Noticed Natasha
  1529 | D:2      | Killed Natasha
  1530 | D:2      | Reached skill level 2 in Poison Magic
  1536 | D:2      | Noticed Natasha
  1667 | D:2      | Killed Natasha
  2191 | D:2      | Noticed Natasha
  2197 | D:2      | Killed Natasha
  2249 | D:3      | Reached skill level 4 in Spellcasting
  2375 | D:3      | Found a broken altar of Ashenzari.
  2434 | D:3      | Found a runed translucent gate.
  2435 | D:3      | Found a runed translucent gate.
  2435 | D:3      | Found a runed translucent gate.
  2441 | D:3      | Noticed pk666's ghost (amateur DEHW)
  2517 | D:3      | Reached skill level 3 in Poison Magic
  2517 | D:3      | Reached XP level 6. HP: 36/36 MP: 12/12
  2597 | D:3      | Found a shimmering blue altar of Sif Muna.
  2689 | D:3      | Reached skill level 3 in Translocations
  2837 | D:4      | Reached skill level 3 in Conjurations
  3031 | D:2      | Bought a scroll labelled MYLONUXEOKH for 24 gold pieces
  3078 | D:2      | Bought 2 bubbling orange potions for 48 gold pieces
  3403 | D:4      | Noticed Eustachio
  3421 | D:4      | Killed Eustachio
  3422 | D:4      | Reached skill level 4 in Poison Magic
  3422 | D:4      | Reached XP level 7. HP: 41/41 MP: 5/13
  3482 | D:4      | Reached skill level 5 in Poison Magic
  3578 | D:5      | Entered Level 5 of the Dungeon
  3699 | D:5      | Reached skill level 4 in Conjurations
  3808 | D:5      | Reached skill level 6 in Poison Magic
  3826 | D:4      | Reached skill level 5 in Spellcasting
  3826 | D:4      | Reached XP level 8. HP: 20/46 MP: 8/15
  3854 | D:4      | Learned a level 2 spell: Searing Ray
  4120 | D:5      | Found a radiant altar of Vehumet.
  4120 | D:5      | Found an ornate altar of the Wu Jian Council.
  4185 | D:5      | Became a worshipper of Vehumet
  4480 | D:5      | Reached skill level 7 in Poison Magic
  4663 | D:6      | Found a hazy altar of Hepliaklqana.
  4846 | D:6      | Reached skill level 5 in Conjurations
  4894 | D:6      | Reached skill level 8 in Poison Magic
  5036 | D:6      | Reached XP level 9. HP: 17/51 MP: 12/17
  5359 | D:6      | Reached skill level 6 in Spellcasting
  5359 | D:6      | Found a glowing silver altar of Zin.
  5533 | D:7      | Found a white marble altar of Elyvilon.
  5536 | D:7      | Reached * piety under Vehumet
  5536 | D:7      | Offered knowledge of Freeze by Vehumet.
  5537 | D:7      | Reached skill level 9 in Poison Magic
  5562 | D:7      | Noticed a two-headed ogre
  5674 | D:7      | Found a staircase to the Ecumenical Temple.
  5704 | D:7      | Killed a two-headed ogre
  5705 | D:7      | Reached skill level 6 in Conjurations
  5705 | D:7      | Reached skill level 10 in Poison Magic
  5722 | D:7      | Identified the +7 dagger "Muiplun" {heavy, rN+ Stlth+}
  5878 | D:7      | Reached skill level 1 in Fighting
  5932 | D:7      | Found a shimmering altar of Xom.
  6048 | D:7      | Reached skill level 2 in Fighting
  6048 | D:7      | Reached skill level 3 in Dodging
  6150 | D:7      | Reached XP level 10. HP: 60/60 MP: 20/20
  6150 | D:7      | Found an iron altar of Okawaru.
  6276 | D:8      | Reached ** piety under Vehumet
  6276 | D:8      | Offered knowledge of Scorch by Vehumet.
  6278 | D:8      | Reached skill level 7 in Spellcasting
  6278 | D:8      | Reached skill level 7 in Conjurations
  6285 | D:8      | Identified the +2 robe of the Harvest Moon {Int+3}
  6465 | D:8      | Reached skill level 3 in Fighting
  6473 | D:8      | Found a sand-covered staircase.
  6483 | Ossuary  | Entered an ossuary
  6554 | Ossuary  | Offered knowledge of Volatile Blastmotes by Vehumet.
  6569 | Ossuary  | Learned a level 3 spell: Volatile Blastmotes
  6695 | D:8      | Found a blossoming altar of Fedhas.
  6710 | D:8      | Reached *** piety under Vehumet
  6712 | D:8      | Found a staircase to the Lair.
  6823 | D:8      | Reached skill level 4 in Dodging
  6974 | D:8      | Learned a level 5 spell: Arcjolt
  7078 | D:8      | Offered knowledge of Dazzling Flash by Vehumet.
  7079 | D:8      | Reached skill level 11 in Poison Magic
  7082 | D:8      | Reached skill level 1 in Fire Magic
  7082 | D:8      | Reached skill level 1 in Air Magic
  7475 | D:9      | Reached skill level 4 in Fighting
  7646 | D:9      | Found a sacrificial altar of Ru.
  7751 | D:9      | Learned a level 6 spell: Plasma Beam
  7769 | D:9      | Reached skill level 4 in Translocations
  7769 | D:9      | Reached XP level 11. HP: 51/69 MP: 21/22
  7812 | D:10     | Entered Level 10 of the Dungeon
  7861 | D:10     | Reached skill level 2 in Fire Magic
  7861 | D:10     | Reached skill level 2 in Air Magic
  8040 | D:10     | Reached skill level 8 in Conjurations
  8087 | D:10     | Reached skill level 5 in Dodging
  8197 | D:10     | Noticed Snorg
  8454 | D:10     | Noticed a wizard
  8460 | D:10     | Killed a wizard
  8480 | D:10     | Reached **** piety under Vehumet
  8552 | D:10     | Offered knowledge of Hailstorm by Vehumet.
  8555 | D:10     | Reached skill level 8 in Spellcasting
  8692 | D:10     | Identified the +0 glaive of Qaahuxtec {flame, *Noise rC++
                  | Will+ Str+3}
  8959 | D:11     | Identified the +0 robe "Suqoff" {rF+ Str+6}
  8959 | D:11     | Noticed a skeletal warrior
  9005 | D:11     | Noticed a four-headed hydra
  9281 | D:10     | Slain by Snorg

Illustrated notes

Levels and vault maps discovered:
D:1:      amcnicky_arrival_single_pillar, layout_basic
D:2:      minmay_chambers_of_ones, layout_loops_ring, serial_shops,
          shop_fountains, shop, shop, shop, uniq_sigmund
D:3:      layout_rooms, led_sif_pool, nicolae_ashenzari_panopticon,
          gammafunk_ghost_necromancy, nrook_campfire, uniq_natasha
D:4:      layout_basic, uniq_eustachio
D:5:      layout_loops_ring, gammafunk_temple_overflow_pools, sigmund_army
D:6:      layout_basic, mainiacjoe_overflow_cross_hatched,
          nicolae_hepliaklqana_hazy_memory, minivault_5, hex_medium
D:7:      layout_cave_pools, kennysheep_okawaru_gauntlet, elyvilon_altar_5,
          led_xom_imps, minmay_temple_entry_sparse_star
D:8:      layout_gridville, fedhas_altar_3, erik_lair_orcish_takeover,
          gup_ossuary_entry_pyramid
D:9:      layout_roguey, lemuel_crystal_altar, serial_glass, glass_columns_a,
          glass_columns_b, due_unseen_surprise
D:10:     layout_roguey, minmay_misc_feat_rows, uniq_snorg
D:11:     layout_small_grid, minmay_the_grid_square_5x5_3x3_mashed
          [minmay_the_grid_square_5x5_inset,
          minmay_the_grid_square_5x5_fancy_junction,
          minmay_the_grid_square_5x5_broken_cross,
          minmay_the_grid_square_5x5_inner_z,
          minmay_the_grid_square_5x5_megaprize_diamond,
          minmay_the_grid_square_5x5_shuriken,
          minmay_the_grid_square_5x5_bracketed,
          minmay_the_grid_square_5x5_spiral,
          minmay_the_grid_square_5x5_tetrominoes], uniq_lodul, uniq_maurice

Skill      XL: |  1  2  3  4  5  6  7  8  9 10 11 |
---------------+----------------------------------+-----
Conjurations   | 2 3 4 5 6 7 8 |  8.2
Translocations | 2 3 4 |  4.7
Poison Magic   | 1 3 4 6 8 10 11 | 11.5
Spellcasting   | 4 5 6 7 8 |  8.1
Fighting       | 2 4 |  4.9
Dodging        | 3 4 5 |  5.4
Fire Magic     | 1 2 |  2.9
Air Magic      | 1 2 |  2.9
Stealth        | |  2.6
Summonings     | |  1.0

Action                     |  1- 3 |  4- 6 |  7- 9 | 10-12 || total
---------------------------+-------+-------+-------+-------++-------
  Melee: Dagger            |    27 |    27 |    53 |    90 ||   197
         Tentacles         |     6 |     8 |    13 |    25 ||    52
         Constrict         |     6 |     9 |    14 |    23 ||    52
         Glaive            |       |       |       |     3 ||     3
   Cast: Magic Dart        |    44 |   114 |   114 |    20 ||   292
         Blink             |       |     2 |     3 |     5 ||    10
         Olgreb's Toxic Ra |       |     4 |    34 |    49 ||    87
         Searing Ray       |       |       |     5 |    19 ||    24
         Volatile Blastmot |       |       |       |    33 ||    33
         Arcjolt           |       |       |       |     6 ||     6
  Evoke: Wand              |       |       |       |     1 ||     1
    Use: Potion            |       |     2 |       |     4 ||     6
         Scroll            |       |       |     6 |     8 ||    14
   Stab: Sleeping          |     8 |     1 |     2 |     4 ||    15
 Armour: Skin              |     1 |     8 |    28 |    49 ||    86
  Dodge: Dodged            |    10 |    43 |    66 |   161 ||   280

Table legend: (Time is in decaauts)
 A = Elapsed time spent in this place.
 B = Non-inter-level travel time spent in this place.
 C = Inter-level travel time spent in this place.
 D = Time resting spent in this place.
 E = Time spent auto-exploring this place.
 F = Levels seen in this place.
 G = Mean time per level.
                   A        B        C        D        E       F      G
               +--------+--------+--------+--------+--------+-----+--------+
         Total |   9343 |   8013 |   1330 |    629 |   5135 |  12 |  778.6 |
       Dungeon |   9121 |   7791 |   1330 |    629 |   5094 |  11 |  829.2 |
       Ossuary |    222 |    222 |      0 |      0 |     41 |   1 |  222.0 |
               +--------+--------+--------+--------+--------+-----+--------+

Top non-repeatable levels by time:
     D:2: 1596 daAuts
    D:10: 1272 daAuts
     D:6: 970 daAuts
     D:5: 970 daAuts
     D:3: 823 daAuts
     D:7: 764 daAuts
     D:4: 737 daAuts
     D:8: 639 daAuts
     D:9: 625 daAuts
     D:1: 532 daAuts
 Ossuary: 222 daAuts
    D:11: 187 daAuts
